 Dungeon Crawl Stone Soup version 0.18.1-50-g88ac8fd (webtiles) character file.

2039 DroneSA the Fighter (level 9, -13/65 HPs)
             Began as a Kobold Assassin on Oct 9, 2016.
             Was a Believer of Trog.
             Mangled by an orc warrior
             ... wielding a +0 battleaxe
              (20 damage)
             ... on level 8 of the Dungeon on Oct 11, 2016.
             The game lasted 00:54:38 (7227 turns).

DroneSA the Fighter (Kobold Assassin)               Turns: 7227, Time: 00:54:38

Health: -13/65     AC:  4    Str: 10    XL:     9   Next: 48%
Magic:  9/9        EV: 15    Int:  9    God:    Trog [**....]
Gold:   404        SH:  0    Dex: 20    Spells: 0 memorised, 8 levels left

rFire  . . .     SeeInvis +     a - +5 dagger
rCold  . . .     Gourm    .     c - +0 robe
rNeg   . . .     Faith    .     (shield restricted)
rPois  .         Spirit   .     (no helmet)
rElec  .         Dismiss  .     d - +1 cloak
rCorr  +         Reflect  .     (no gloves)
SustAt .         Harm     .     (no boots)
MR     .....                    (no amulet)
Stlth  ++++......               g - ring of see invisible
                                q - ring of resist corrosion

@: not resistant to hostile enchantments, stealthy
A: carnivore 3
a: Berserk, Trog's Hand, Burn Spellbooks, Renounce Religion


You were on level 8 of the Dungeon.
You worshipped Trog.
Trog was pleased with you.
You were not hungry.

You visited 1 branch of the dungeon, and saw 8 of its levels.

You collected 404 gold pieces.

Inventory:

Hand Weapons
 a - a +5 dagger (weapon)
 b - a +0 blowgun
Missiles
 e - 19 poisoned needles (quivered)
 f - 2 curare-tipped needles
 r - 5 javelins of returning
Armour
 c - a +0 robe (worn)
 d - a +1 cloak (worn)
Jewellery
 g - a ring of see invisible (right hand)
 j - an uncursed ring of fire
 k - an uncursed ring of magical power {unknown}
 m - an uncursed ring of ice
 o - a +3 ring of evasion {unknown}
 q - a ring of resist corrosion (left hand)
Wands
 l - a wand of heal wounds (0/9)
 s - a wand of flame (27/48)
Scrolls
 h - 3 scrolls of recharging
 i - 6 scrolls of remove curse
 v - a scroll of teleportation
Potions
 t - a potion of cure mutation
 w - a potion of curing {unknown}
Comestibles
 u - 7 beef jerkies


   Skills:
 + Level 12.2 Fighting
 - Level 3.0 Short Blades
 - Level 2.5 Throwing
 - Level 1.9 Dodging
 - Level 6.8 Stealth


You had 8 spell levels left.
You didn't know any spells.

Dungeon Overview and Level Annotations

Branches:
Dungeon (8/15)             Temple (0/1) D:7
   Lair: D:8-11

Altars:
Elyvilon
Kikubaaqudgha
Makhleb
Okawaru
Pakellas
Sif Muna
Trog
Yredelemnul
Zin
The Shining One


Innate Abilities, Weirdness & Mutations

You are small and have problems with some larger weapons.
You are carnivorous and can eat meat at any time.


Message History

The orc misses you.
You see here an orc corpse.
You hit the orc.
The orc is lightly wounded.
The orc warrior closely misses you. The orc barely misses you.
You hit the orc.
You kill the orc!
Trog accepts your kill.
The orc warrior hits you with a battleaxe!
Things that are here:
a whip; a leather armour; an orc corpse You closely miss the orc warrior.
The orc warrior barely misses you.
You hit the orc warrior but do no damage.
You hit the orc warrior but do no damage.
The orc warrior hits you with a battleaxe!
* * * LOW HITPOINT WARNING * * *
You hit the orc warrior.
The orc warrior is lightly wounded.
The orc warrior hits you with a battleaxe!!
You die...

. ### .#####...
.........
#######........
#.....#........
+..@o.#........
#.....#........
####'##.....#####
#.........#...#
#....######...#
#....'........#
#....#........#
.......##'###...#
........#...##...#


You could see an orc warrior.

Vanquished Creatures
  Grinder (D:5)
  A hungry ghost (D:7)
  A water moccasin (D:5)
  A sky beast (D:6)
  An ice beast (D:7)
  A phantom (D:7)
  4 ogres
  3 giant frogs
  A howler monkey (D:4)
  A giant frog zombie (D:6)
  3 hounds
  An orc priest (D:8)
  A centaur skeleton (D:4)
  3 iguanas
  3 worker ants
  4 orc wizards
  A hound skeleton (D:4)
  A howler monkey zombie (D:7)
  5 adders
  5 gnolls
  A shadow imp (D:3)
  3 oozes
  An adder skeleton (D:6)
  3 worms
  2 dart slugs
  11 giant geckos
  25 orcs
  3 giant cockroaches
  3 hobgoblins
  3 jackals (D:3)
  5 quokkas
  8 bats
  2 giant gecko skeletons (D:4)
  10 giant newts
  9 kobolds
  10 rats
141 creatures vanquished.

Vanquished Creatures (others)
  An orc wizard (D:5)
  6 plants (D:5)
7 creatures vanquished.

Grand Total: 148 creatures vanquished

Notes
Turn   | Place    | Note
--------------------------------------------------------------
     0 | D:1      | DroneSA the Kobold Assassin began the quest for the Orb.
     0 | D:1      | Reached XP level 1. HP: 12/12 MP: 1/1
    55 | D:1      | Reached XP level 2. HP: 18/18 MP: 2/2
   383 | D:1      | Reached XP level 3. HP: 13/22 MP: 3/3
   933 | D:2      | Reached XP level 4. HP: 27/27 MP: 4/4
  1547 | D:2      | Gained mutation: You are occasionally teleported next to monsters. [potion of mutation]
  1547 | D:2      | Gained mutation: Your body sometimes deteriorates upon taking damage. [potion of mutation]
  1547 | D:2      | Gained mutation: You expend magic power (3 MP) to strengthen your wands. [potion of mutation]
  1555 | D:2      | Gained mutation: You are partially covered in slimy green scales (AC +2). [potion of mutation]
  1659 | D:2      | Found a bloodstained altar of Trog.
  1664 | D:2      | Became a worshipper of Trog the Wrathful
  1869 | D:3      | Reached skill level 3 in Fighting
  1877 | D:3      | Found a basalt altar of Yredelemnul.
  1910 | D:3      | Found a deep blue altar of Sif Muna.
  1927 | D:3      | Reached XP level 5. HP: 32/32 MP: 5/5
  2024 | D:3      | Reached * piety under Trog
  2360 | D:4      | Reached skill level 4 in Fighting
  2459 | D:4      | Reached skill level 5 in Fighting
  2459 | D:4      | Reached XP level 6. HP: 38/40 MP: 6/6
  2812 | D:4      | Reached skill level 6 in Fighting
  3139 | D:4      | Reached XP level 7. HP: 43/47 MP: 7/7
  3247 | D:5      | Entered Level 5 of the Dungeon
  3340 | D:5      | Found an ancient bone altar of Kikubaaqudgha.
  3351 | D:5      | Found a glowing golden altar of the Shining One.
  3351 | D:5      | Found a bloodstained altar of Trog.
  3352 | D:5      | Found a glowing silver altar of Zin.
  3352 | D:5      | Found an iron altar of Okawaru.
  3352 | D:5      | Found an oddly glowing altar of Pakellas.
  3352 | D:5      | Found a white marble altar of Elyvilon.
  3354 | D:5      | Found a burning altar of Makhleb.
  3706 | D:5      | Noticed a water moccasin
  3730 | D:5      | Killed a water moccasin
  3730 | D:5      | Reached skill level 7 in Fighting
  4100 | D:5      | Noticed Grinder
  4469 | D:5      | Paralysed by Grinder for 4 turns
  4499 | D:5      | Killed Grinder
  4499 | D:5      | Reached skill level 8 in Fighting
  4499 | D:5      | Reached XP level 8. HP: 55/55 MP: 5/8
  4729 | D:6      | Reached skill level 9 in Fighting
  4998 | D:6      | Reached ** piety under Trog
  5484 | D:6      | Reached skill level 10 in Fighting
  6013 | D:6      | Lost mutation: You are occasionally teleported next to monsters. [potion of cure mutation]
  6013 | D:6      | Lost mutation: You expend magic power (3 MP) to strengthen your wands. [potion of cure mutation]
  6013 | D:6      | Lost mutation: Your body sometimes deteriorates upon taking damage. [potion of cure mutation]
  6013 | D:6      | Lost mutation: You are partially covered in slimy green scales (AC +2). [potion of cure mutation]
  6291 | D:7      | Found a staircase to the Ecumenical Temple.
  6349 | D:7      | Reached XP level 9. HP: 63/63 MP: 9/9
  6408 | D:7      | Reached skill level 11 in Fighting
  7111 | D:7      | Reached skill level 12 in Fighting
  7116 | D:7      | Paralysed by fainting for 12 turns
  7131 | D:8      | Paralysed by fainting for 12 turns
  7227 | D:8      | Mangled by an orc warrior

Skill      XL: |  1  2  3  4  5  6  7  8  9 |
---------------+----------------------------+-----
Stealth        | 6 |  6.8
Short Blades   | 3 |  3.0
Fighting       | 3 5 6 8 10 12 | 12.2
Throwing       | |  2.5
Dodging        | |  1.9

Action                   |  1- 3 |  4- 6 |  7- 9 || total
-------------------------+-------+-------+-------++-------
Melee: Dagger            |    49 |   158 |   308 ||   515
Invok: Berserk           |       |       |     1 ||     1
       Burn Spellbooks   |       |       |     1 ||     1
Evoke: Wand              |       |       |     2 ||     2
  Use: Scroll            |     9 |     6 |     5 ||    20
       Potion            |       |     5 |     2 ||     7
 Stab: Sleeping          |     5 |    28 |    10 ||    43
       Distracted        |       |     1 |     2 ||     3
  Eat: Meat ration       |       |     1 |     1 ||     2
       Beef jerky        |       |     1 |       ||     1
       Chunk             |       |     3 |     1 ||     4
       Pizza             |       |       |     2 ||     2
       Royal jelly       |       |       |     1 ||     1
Armor: Robe              |     6 |    26 |    58 ||    90
Dodge: Dodged            |    36 |    93 |   193 ||   322
